 Dungeon Crawl Stone Soup version 0.28.0-53-g5a82cb258f (webtiles) character file.

Game seed: 6012181063752203055

1591 Atelerd the Digger (level 8, 0/46 HPs)
             Began as an Octopode Earth Elementalist on July 12, 2022.
             Slain by an orc wizard
             ... wielding a +0 dagger
              (1 damage)
             ... on level 6 of the Dungeon.
             The game lasted 00:09:56 (7651 turns).

Atelerd the Digger (Octopode Earth Elementalist)    Turns: 7651, Time: 00:09:56

Health: 0/46       AC:  1    Str:  7    XL:     8   Next: 93%
Magic:  12/16      EV: 13    Int: 20    God:
Gold:   341        SH:  0    Dex: 12    Spells: 9/17 levels left

rFire   . . .      SeeInvis .   g - +5 dagger of Responsibility {flame, Stlth+}
rCold   . . .      Faith    .   (no shield)
rNeg    . . .      Spirit   .   (helmet restricted)
rPois   .          Reflect  .   (no amulet)
rElec   .          Harm     .   (no ring)
rCorr   .          Rampage  .   (no ring)
Will    .....                   (no ring)
Stlth   +++++.....              (no ring)
HPRegen 0.15/turn               (no ring)
MPRegen 0.15/turn               (no ring)
                                (no ring)
                                (no ring)

@: hasted, very quick
A: almost no armour, amphibious, 8 rings, camouflage 1, gelatinous body 1,
(nimble swimmer 1), tentacles
a: no special abilities


You were on level 6 of the Dungeon.
You visited 2 branches of the dungeon, and saw 7 of its levels.
You also visited: Sewer.

You collected 378 gold pieces.
You spent 37 gold pieces at shops.

Inventory:

Hand Weapons
 d - a +0 dagger
 g - the +5 dagger of Responsibility (weapon) {flame, Stlth+}
   (You found it on level 2 of the Dungeon)

   It burns those it strikes, dealing additional fire damage.
   Stlth:     It makes you more stealthy.
Missiles
 b - 71 stones
Jewellery
 j - a ring of ice
Wands
 x - a wand of iceblast (9)
 y - a wand of flame (16)
Scrolls
 a - a scroll of fear {unknown}
 c - 2 scrolls of vulnerability
 e - 3 scrolls of teleportation
 i - 2 scrolls of magic mapping
 l - 2 scrolls of fog {unknown}
 n - a scroll of noise
 o - a scroll of brand weapon {unknown}
 s - 6 scrolls of identify
 t - a scroll of amnesia {unknown}
 v - a scroll of immolation {unknown}
 z - a scroll of enchant armour {unknown}
Potions
 f - a potion of flight
 h - 2 potions of brilliance
 k - a potion of heal wounds {unknown}
 m - a potion of attraction {unknown}
 p - a potion of mutation {unknown}
 q - a potion of lignification {unknown}
 r - 2 potions of haste
 u - 2 potions of degeneration {unknown}
 w - a potion of curing {unknown}


   Skills:
 + Level 1.2 Short Blades
 + Level 2.4 Dodging
 - Level 6.0 Stealth
 + Level 5.3 Spellcasting
 - Level 2.0 Conjurations
 - Level 5.0 Transmutations
 * Level 1.9 Air Magic
 + Level 6.2 Earth Magic
 - Level 2.0 Poison Magic


You had 9 spell levels left.
You knew the following spells:

 Your Spells              Type           Power      Damage    Failure   Level
a - Sandblast             Erth           60%        2d14      1%          1
b - Mephitic Cloud        Conj/Pois/Air  13%        N/A       16%         3
p - Petrify               Tmut/Erth      27%        N/A       11%         4

Your spell library contained the following spells:

 Spells                   Type           Power      Damage    Failure   Level
 Passwall                 Tmut/Erth      22%        N/A       1%          2
 Magic Dart               Conj           52%        1d5       4%          1
 Stone Arrow              Conj/Erth      42%        3d9       6%          3
 Ignite Poison            Fire/Tmut/Pois 14%        N/A       13%         3
 Call Imp                 Summ           5%         N/A       17%         2
 Conjure Flame            Conj/Fire      9%         6-21      22%         3
 Airstrike                Air            6%         N/A       45%         4
 Sticky Flame             Conj/Fire      9%         2d3       58%         4
 Summon Lightning Spire   Summ/Air       9%         N/A       58%         4
 Cause Fear               Hex            2%         N/A       73%         4
 Lightning Bolt           Conj/Air       6%         1d18      80%         5
 Dragon Form              Tmut           12%        N/A       100%        7
 Dragon's Call            Summ           2%         N/A       100%        9


Dungeon Overview and Level Annotations

Branches:
Dungeon (6/15)             Temple (1/1) D:5           Sewer (visited)

Altars:
Ashenzari
Cheibriados
Dithmenos
Elyvilon
Hepliaklqana
Nemelex Xobeh
Qazlal
Ru
Trog
Uskayaw
Vehumet
Wu Jian
Xom
The Shining One

Shops:
D:1 ?*(   D:3 ?   D:4 (   D:5 (

Annotations:
D:5 exclusion: upstairs


Innate Abilities, Weirdness & Mutations

You cannot wear most types of armour.
You are amphibious.
You can wear up to eight rings at the same time.
Your skin changes colour to match your surroundings (Stealth+).
Your rubbery body absorbs attacks. (AC +1, EV +1)
((You are camouflaged when in or above water. (Stealth+)))
You have tentacles for arms and can constrict up to eight enemies at once.


Message History

You hear some strange, mumbled words.
Something tries to affect you, but you resist.
The orc priest invokes the aid of Beogh against you.
Beogh smites you!
* * * LOW HITPOINT WARNING * * *
Unknown command.
Unknown command.
Unknown command.
Casting: Sandblast (safe; 1% risk of failure)
Confirm with . or Enter, or press ? or * to list all spells.
Aiming: Sandblast (safe; 1% risk of failure)
Press: ? - help, Shift-Dir - straight line, f/p - orc priest
Aim: an orc priest, wielding a +0 hand axe and wearing a +0 chain mail (heavily wounded, constricted by you, 100% to hit)
The blast of sand hits the orc priest but does no damage.
The orc priest is heavily wounded.
You constrict the orc priest, but do no damage.
The orc priest closely misses you. Something hits you.
* * * LOW HITPOINT WARNING * * *
The orc priest barely misses you.
Unknown command.
Okay, then.
Okay, then.
Casting: Sandblast (safe; 1% risk of failure)
Confirm with . or Enter, or press ? or * to list all spells.
Aiming: Sandblast (safe; 1% risk of failure)
Press: ? - help, Shift-Dir - straight line, f/p - orc priest
Aim: an orc priest, wielding a +0 hand axe and wearing a +0 chain mail (heavily wounded, constricted by you, 100% to hit)
The blast of sand hits the orc priest but does no damage.
The orc priest is heavily wounded.
You constrict the orc priest, but do no damage.
The orc priest hits you with a +0 hand axe.
* * * LOW HITPOINT WARNING * * *
Something barely misses you. The orc priest hits you with a +0 mace!
* * * LOW HITPOINT WARNING * * *
Unknown command.
Unknown command.
It was a potion of haste.
You feel yourself speed up.
You constrict the orc priest. The orc priest barely misses you.
Something hits you.
You die...

...#####....#.###..# .
#....#...#..#
##########....###.#..###
....(....'...†..........
..########.##....###.##(###
..........)'........##.# #
##.......#........##.# #
#......{#........##.### #+
#.....@.#........##.... .##
#....oo.#...####.#####. .#
..##.......##### #.#####.
.## ...........### #.#.....
##.###..###.........#
#.#.#### #....####
#####.....# #.......
##......# #.###.# ###.####
.#......# #.#⌠#.# #.#
.##.....# #.###.# #.#


You could see 2 orc priests.

Vanquished Creatures
  Sigmund (D:2)
  Edmund (D:4)
  A water moccasin (D:6)
  Duvessa (D:4)
  A sky beast (D:6)
  A black bear (D:6)
  2 ogres (D:5)
  A phantom (D:6)
  A bullfrog (Sewer)
  A wyvern zombie (D:6)
  Dowan (D:4)
  A water moccasin skeleton (D:5)
  3 hounds
  A bullfrog skeleton (D:6)
  2 iguanas (D:6)
  A killer bee zombie (D:5)
  A hound skeleton (D:4)
  Robin (D:4)
  3 gnolls (D:4)
  12 adders
  An adder skeleton (D:4)
  A worm (D:3)
  3 dart slugs
  2 orcs
  15 ball pythons
  18 endoplasms
  12 giant cockroaches
  9 goblins
  6 hobgoblins
  11 quokkas
  5 bats
  11 frilled lizards
  6 kobolds
  8 rats
145 creatures vanquished.

Vanquished Creatures (others)
  8 demonic plants (D:1)
  6 fungi (D:1)
  4 plants (D:1)
  5 withered plants (D:1)
23 creatures vanquished.

Grand Total: 168 creatures vanquished

Notes
Turn   | Place    | Note
-------+----------+-------------------------------------------
     0 | D:1      | Atelerd the Octopode Earth Elementalist began the quest for
                  | the Orb.
     0 | D:1      | Reached XP level 1. HP: 11/11 MP: 3/3
    28 | D:1      | Found Ihas's Weapon Shoppe.
   282 | D:1      | Reached XP level 2. HP: 16/17 MP: 1/5
   523 | D:1      | Found a faded altar of an unknown god.
   956 | D:1      | Reached XP level 3. HP: 20/21 MP: 6/6
  1195 | D:1      | Found Wuikawn's Magic Scroll Emporium.
  1286 | D:1      | Found Mainn's Assorted Antiques.
  1298 | D:1      | Bought a silvery potion for 24 gold pieces
  1327 | D:2      | Identified the +5 dagger of Responsibility {flame, Stlth+}
  1677 | D:2      | Noticed Sigmund
  1684 | D:2      | HP: 1/21 [Sigmund/+0 scythe (10)]
  1685 | D:2      | Killed Sigmund
  1686 | D:2      | Reached XP level 4. HP: 2/27 MP: 2/8
  1686 | D:2      | Reached XP level 5. HP: 2/31 MP: 2/9
  2250 | D:3      | Learned a level 4 spell: Petrify
  2254 | D:3      | Learned a level 3 spell: Mephitic Cloud
  2284 | D:3      | Found a glowing drain.
  2313 | D:3      | Reached XP level 6. HP: 31/36 MP: 7/10
  2329 | Sewer    | Entered a sewer
  2351 | Sewer    | Reached skill level 5 in Stealth
  3134 | D:3      | Found a shimmering altar of Xom.
  3159 | D:3      | Found Buvam's Magic Scroll Shop.
  3187 | D:3      | Bought a scroll of noise for 13 gold pieces
  3786 | D:4      | Noticed Robin
  3834 | D:4      | Killed Robin
  3835 | D:4      | Reached XP level 7. HP: 30/41 MP: 7/12
  4236 | D:4      | Noticed Edmund
  4262 | D:4      | Killed Edmund
  4484 | D:4      | Found Oporritiqu's Antique Weapon Boutique.
  4652 | D:4      | Noticed Dowan
  4659 | D:4      | Noticed Duvessa
  4664 | D:4      | Killed Dowan
  4670 | D:5      | Entered Level 5 of the Dungeon
  5000 | D:5      | Found a staircase to the Ecumenical Temple.
  5231 | D:6      | Reached skill level 5 in Transmutations
  5231 | D:6      | Reached skill level 5 in Earth Magic
  5486 | D:6      | Found a broken altar of Ashenzari.
  5489 | D:6      | Reached XP level 8. HP: 46/46 MP: 12/14
  5853 | D:6      | Reached skill level 5 in Spellcasting
  6219 | D:5      | Reached skill level 1 in Conjurations
  6219 | D:5      | Reached skill level 1 in Air Magic
  6219 | D:5      | Reached skill level 1 in Poison Magic
  6221 | Temple   | Entered the Ecumenical Temple
  6404 | D:5      | Found Deshicsy's Antique Weapon Emporium.
  6928 | D:4      | Killed Duvessa
  6929 | D:4      | Reached skill level 1 in Short Blades
  7650 | D:6      | HP: 1/46 [orc priest/+0 mace (8)]
  7651 | D:6      | Slain by an orc wizard

Illustrated notes

Levels and vault maps discovered:
D:1:      saegor_arrival_simple_e, layout_basic, serial_shops, shop,
          nicolae_shop_bloodbath_and_beyond, shop, shapermc_ecumenical_altar_gd,
          nicolae_figureground_pulse
D:2:      layout_basic, hangedman_decor_push, uniq_sigmund
D:3:      layout_basic, lemuel_crystal_altar, serial_shops, shop_statue,
          gup_sewer_entry_glass, serial_glass, glass_columns_a, glass_columns_b,
          glass_columns_a, glass_columns_a, glass_columns_a, glass_columns_a
D:4:      layout_basic, serial_shops, shop, uniq_duvessa, uniq_edmund,
          uniq_robin
D:5:      layout_rooms, minmay_temple_entry_ruins, serial_shops, shop_statue
D:6:      layout_basic, nicolae_ashenzari_panopticon, feat_on_display
Temple:   nicolae_temple_x_marks_the_god

Skill      XL: |  1  2  3  4  5  6  7  8 |
---------------+-------------------------+-----
Stealth        | 3 4 5 6 |  6.0
Spellcasting   | 3 4 5 |  5.3
Transmutations | 2 3 5 |  5.0
Earth Magic    | 4 5 6 |  6.2
Conjurations   | 2 |  2.0
Air Magic      | 1 |  1.9
Poison Magic   | 2 |  2.0
Short Blades   | 1 |  1.2
Dodging        | |  2.4

Action                   |  1- 3 |  4- 6 |  7- 9 || total
-------------------------+-------+-------+-------++-------
Melee: Unarmed           |     7 |       |       ||     7
       Tentacles         |    10 |     7 |    14 ||    31
       Constrict         |     9 |    12 |    14 ||    35
       Dagger            |    36 |    79 |    58 ||   173
       Punch             |       |       |     1 ||     1
 Cast: Sandblast         |    26 |    29 |    49 ||   104
       Petrify           |       |       |    19 ||    19
       Mephitic Cloud    |       |       |     1 ||     1
  Use: Scroll            |       |     6 |     2 ||     8
       Potion            |       |       |     1 ||     1
 Stab: Sleeping          |     6 |    25 |     3 ||    34
       Petrified         |       |       |    29 ||    29
Armor: Skin              |     1 |    13 |     1 ||    15
Dodge: Dodged            |    24 |    59 |    39 ||   122
